 Dungeon Crawl Stone Soup version 0.28-a0-1415-g7c84da036a (webtiles) character file.

Game seed: 15859514482088233292

25264 siradein the Nimble (level 13, -2/96 HPs)
             Began as a Djinni Ice Elementalist on Jan 7, 2022.
             Was a High Priest of Makhleb.
             Slain by a catoblepas (31 damage)
             ... on level 2 of the Lair of Beasts.
             The game lasted 01:00:00 (16879 turns).

siradein the Nimble (Djinni Ice Elementalist)      Turns: 16879, Time: 01:00:00

Health: -2/96      AC:  9    Str: 13    XL:     13   Next: 49%
Gold:   514        EV: 20    Int: 22    God:    Makhleb [*****.] SH:  3 Dex: 14

rFire   + + .      SeeInvis +   b - staff of cold
rCold   . . .      Faith    .   K - +0 buckler
rNeg    . . .      Spirit   .   M - +0 troll leather armour
rPois   ∞          Reflect  .   z - +2 helmet {SInv}
rElec   +          Harm     .   m - +0 cloak
rCorr   .          Rampage  .   v - +0 pair of gloves
Will    +++..                   (boots unavailable)
Stlth   ++........              G - amulet of regeneration
HPRegen 1.86/turn               Q - ring of Paranoia {*Corrode rElec Will++ MP+9 Str+6}
MPRegen 0.00/turn               j - +4 ring of evasion

@: flying
A: sickness immunity, fire resistance 2, cold vulnerability 1, float, innate
caster, hp casting, extra vitality 1
a: Renounce Religion, Minor Destruction, Lesser Servant of Makhleb, Major
Destruction, Greater Servant of Makhleb


You were on level 2 of the Lair of Beasts.
You worshipped Makhleb.
Makhleb was extremely pleased with you.
You visited 3 branches of the dungeon, and saw 14 of its levels.
You also visited: Bailey.

You collected 793 gold pieces.
You spent 279 gold pieces at shops.

Inventory:

Hand Weapons
 O - the +6 morningstar "Kebrabby" {venom, Drain rElec SInv}
   (You took it off an orc wizard on level 11 of the Dungeon)

   It poisons the flesh of those it strikes.
   rElec:     It insulates you from electricity.
   SInv:      It lets you see invisible.
   Drain:     It drains your maximum health when unequipped.
Missiles
 d - 2 throwing nets
Armour
 m - a +0 cloak (worn)
 v - a +0 pair of gloves (worn)
 z - a +2 helmet of see invisible (worn)
 K - a +0 buckler (worn)
 M - a +0 troll leather armour (worn)
Magical Staves
 b - a staff of cold (weapon)
 q - a staff of death
Jewellery
 g - a ring of fire
 j - a +4 ring of evasion (right hand)
 u - a ring of protection from fire
 G - an amulet of regeneration (around neck)
 Q - the ring of Paranoia (left hand) {*Corrode rElec Will++ MP+9 Str+6}
   (You acquired it on level 2 of the Lair of Beasts)

   [ring of strength]

   Str:       It affects your strength (+6).
   rElec:     It insulates you from electricity.
   MP:        It affects your magic capacity (+9).
   *Corrode:  It may corrode you when you take damage.
   Will:      It greatly increases your willpower.
Wands
 e - a wand of iceblast (6)
 i - a wand of flame (50)
 w - a wand of paralysis (15)
 I - a wand of polymorph (6)
 P - a wand of acid (2)
 R - a wand of mindburst (4)
Scrolls
 h - a scroll of holy word
 n - 11 scrolls of teleportation
 o - 4 scrolls of fear
 p - a scroll of silence
 s - a scroll of acquirement
 x - 2 scrolls of enchant weapon {unknown}
 y - 6 scrolls of enchant armour {unknown}
 A - 3 scrolls of fog {unknown}
 C - a scroll of summoning {unknown}
 E - a scroll of brand weapon {unknown}
 H - 2 scrolls of blinking {unknown}
 J - a scroll of immolation {unknown}
 N - 2 scrolls of torment {unknown}
Potions
 a - 6 potions of curing
 c - a potion of mutation
 f - 3 potions of heal wounds
 k - 6 potions of brilliance
 l - 2 potions of lignification {unknown}
 r - 2 potions of invisibility {unknown}
 t - a potion of attraction {unknown}
 B - a potion of might {unknown}
 D - a potion of magic {unknown}
 S - a potion of resistance
Miscellaneous
 F - a tin of tremorstones (2/2)
 L - a box of beasts


   Skills:
 + Level 10.1 Fighting
 + Level 7.4 Staves
 + Level 11.3 Dodging
 - Level 1.5 Stealth
 + Level 8.5 Spellcasting
 + Level 7.1 Invocations
 + Level 8.1 Evocations


You couldn't memorise any spells.
You knew the following spells:

 Your Spells              Type           Power      Damage    Failure   Level
a - Freeze                Ice            100%       1d11      1%          1
b - Frozen Ramparts       Ice            100%       1d12      1%          3
c - Ozocubu's Armour      Ice            63%        N/A       1%          3
d - Hailstorm             Conj/Ice       63%        3d13      3%          4
e - Slow                  Hex            100%       N/A       1%          1
f - Scorch                Fire           94%        2d10      1%          2
g - Ignite Poison         Fire/Tmut/Pois 47%        N/A       1%          3
h - Dispel Undead         Necr           47%        3d18      3%          4
i - Silence               Hex/Air        23%        N/A       11%         5
j - Lightning Bolt        Conj/Air       23%        1d39      11%         5
Your spell library was empty.

Dungeon Overview and Level Annotations

Branches:
Dungeon (11/15)            Temple (1/1) D:6            Lair (2/6) D:10
 Spider (0/4) Lair:2          Orc (0/2) D:11         Bailey (visited)
  Swamp: Lair:2-4    Shoals: Lair:2-4     Snake: Lair:2-4

Altars:
Ashenzari
Cheibriados
Dithmenos
Elyvilon
Fedhas
Gozag
Hepliaklqana
Kikubaaqudgha
Makhleb
Nemelex Xobeh
Okawaru
Qazlal
Ru
Sif Muna
Trog
Uskayaw
Vehumet
Wu Jian
Xom
Yredelemnul
Zin
The Shining One

Shops:
D:5 [   D:8 *


Innate Abilities, Weirdness & Mutations

You are immune to sickness and miasma.
You are immune to poison.
Your flesh is very heat resistant. (rF++)
You are vulnerable to cold. (rC-)
You float through the air rather than walking.
You learn spells naturally, not from books.
Your magical power is your life essence.
You have superior vitality. (+4 MHP)


Message History

The zap hits the catoblepas.
The catoblepas is lightly wounded.
The wall freezes the catoblepas!
The catoblepas gores you!
The stone arrow hits the catoblepas.
The catoblepas is moderately wounded.
The wall freezes the catoblepas.
The catoblepas gores you!!
Your frozen ramparts will break if you move.
Continue?
The frozen ramparts melt away as you move.
The catoblepas breathes a plume of calcifying dust at you.
The blast of calcifying dust hits you.
The catoblepas breathes a plume of calcifying dust at you.
The blast of calcifying dust hits you!
The catoblepas breathes a plume of calcifying dust at you.
The blast of calcifying dust hits you.
The catoblepas breathes a plume of calcifying dust at you.
The blast of calcifying dust hits you but does no damage.
You see here a scroll of holy word.
You are too injured to fight recklessly!
Casting: Frozen Ramparts (safe; 1% risk of failure)
Confirm with . or Enter, or press ? or * to list all spells.
Casting: Frozen Ramparts (safe; 1% risk of failure)
Press: ? - help, Dir - look around, f - activate You feel a surge of power!
The walls around you are covered in ice.
The wall freezes the cane toad!
The cane toad stings you!!
* * * LOW HITPOINT WARNING * * *
Casting: Frozen Ramparts (safe; 1% risk of failure)
Confirm with . or Enter, or press ? or * to list all spells.
Aiming: Freeze (safe; 1% risk of failure)
Press: ? - help, Shift-Dir - straight line, f - cane toad
Aim: a cane toad (almost dead)
You feel a surge of power!
You freeze the cane toad!
You kill the cane toad!
Makhleb accepts your kill.
* * * LOW HITPOINT WARNING * * *
The wall freezes the catoblepas.
Your frozen ramparts will break if you move.
Continue?
The frozen ramparts melt away as you move.
The catoblepas gores you!!
You die...

#........#
###......#.#
#.#.......#
#########.......##
###.##.##.#P......##
........†..........#
P.####.####P......P#
### ### ##.......#
###.#@P## ##†Y.#
#§?.P# ###.#.##
#......## #......P#
#.......# #....^..#
#......##


You could see a catoblepas.

Vanquished Creatures
  Erolcha (D:11)
  2 hydras
  2 boulder beetles
  2 two-headed ogres (D:9)
  An oklob plant (D:10)
  2 orc knights (Bailey)
  A wolf spider (Lair:2)
  A manticore (D:7)
  Joseph (D:8)
  5 cane toads
  A black mamba (Lair:1)
  Maggie (D:8)
  A rime drake (Lair:1)
  6 komodo dragons
  3 trolls (D:11)
  A hornet (D:11)
  5 blink frogs (Lair:1)
  2 meliai zombies
  Sigmund (D:2)
  A shadow (D:11)
  27 yaks
  A basilisk (Lair:1)
  6 vampire mosquitoes
  2 steam dragons
  2 black bears
  3 ice beasts
  25 orc warriors
  3 sky beasts
  A hornet zombie (D:9)
  A necrophage (D:7)
  6 ogres
  3 centaurs
  A phantom (D:7)
  A gnoll sergeant (D:11)
  7 bullfrogs
  2 scorpions
  4 killer bees (D:9)
  3 wights (D:8)
  11 electric eels
  3 howler monkeys (D:9)
  3 centaur zombies
  A bullfrog skeleton (D:6)
  A bullfrog zombie (D:7)
  2 gnoll shamans (D:7)
  2 jellies
  4 orc priests
  Crazy Yiuf (D:7)
  2 centaur skeletons
  3 iguanas
  Jessica (D:2)
  Terence (D:1)
  19 orc wizards
  A scorpion zombie (D:5)
  A killer bee zombie (D:7)
  A howler monkey zombie (D:7)
  Robin (D:2)
  6 adders
  13 gnolls
  A shadow imp (D:6)
  A white imp (D:6)
  2 ufetubi (D:6)
  An adder skeleton (D:4)
  2 worms
  49 orcs
  5 bats
  6 endoplasms
  3 giant cockroaches
  29 goblins
  23 hobgoblins
  9 kobolds
  4 quokkas
  6 ball pythons
  4 frilled lizards
  16 rats
376 creatures vanquished.

Vanquished Creatures (others)
  An orc (D:4)
  9 fungi
  36 plants
46 creatures vanquished.

Grand Total: 422 creatures vanquished

Notes
Turn   | Place    | Note
-------+----------+-------------------------------------------
     0 | D:1      | siradein the Djinni Ice Elementalist began the quest for
                  | the Orb.
     0 | D:1      | Reached XP level 1. HP: 15/15 MP: 0/0
   184 | D:1      | Reached XP level 2. HP: 19/22 MP: 0/0
   502 | D:1      | Reached skill level 1 in Fighting
   701 | D:1      | Reached XP level 3. HP: 22/27 MP: 0/0
   701 | D:1      | Learned a level 1 spell: Slow
   858 | D:1      | Found a faded altar of an unknown god.
  1494 | D:2      | Noticed Sigmund
  1506 | D:2      | HP: 1/27 [Sigmund/puff of flame (2)]
  1508 | D:2      | Noticed Terence
  1766 | D:1      | Killed Terence
  1767 | D:1      | Reached skill level 3 in Dodging
  1767 | D:1      | Reached XP level 4. HP: 5/33 MP: 0/0
  2071 | D:2      | Killed Sigmund
  2072 | D:2      | Reached skill level 4 in Dodging
  2072 | D:2      | Reached XP level 5. HP: 15/40 MP: 0/0
  2072 | D:2      | Learned a level 2 spell: Scorch
  2072 | D:2      | Reached XP level 6. HP: 17/45 MP: 0/0
  2926 | D:2      | Noticed Jessica
  2927 | D:2      | Noticed Robin
  2936 | D:2      | Killed Jessica
  2938 | D:2      | Killed Robin
  3403 | D:3      | Noticed an ice beast
  3627 | D:4      | Noticed an ogre
  3637 | D:4      | Killed an ogre
  3638 | D:4      | Reached XP level 7. HP: 37/50 MP: 0/0
  3638 | D:4      | Learned a level 3 spell: Ignite Poison
  3779 | D:3      | HP: 2/50 [ice beast (7)]
  3821 | D:3      | Reached skill level 5 in Dodging
  4081 | D:3      | Found a basalt altar of Yredelemnul.
  4169 | D:3      | Found a glowing silver altar of Zin.
  5340 | D:4      | Found a sacrificial altar of Ru.
  5661 | D:5      | Entered Level 5 of the Dungeon
  5669 | D:5      | Reached XP level 8. HP: 56/58 MP: 0/0
  5927 | D:5      | Reached skill level 5 in Spellcasting
  6192 | D:5      | Found Nynuipp's Armour Shoppe.
  6195 | D:5      | Bought a +2 helmet of see invisible for 279 gold pieces
  6232 | D:5      | Reached skill level 5 in Fighting
  6232 | D:5      | Reached skill level 6 in Dodging
  7333 | D:6      | Reached XP level 9. HP: 56/66 MP: 0/0
  7333 | D:6      | Learned a level 4 spell: Dispel Undead
  7550 | D:6      | Reached skill level 7 in Dodging
  7577 | D:6      | Found a staircase to the Ecumenical Temple.
  7623 | Temple   | Entered the Ecumenical Temple
  7851 | Temple   | Became a worshipper of Makhleb the Destroyer
  7978 | D:6      | Reached skill level 1 in Evocations
  8145 | D:6      | Reached skill level 1 in Staves
  9424 | D:7      | Reached * piety under Makhleb
  9532 | D:7      | Noticed a manticore
  9536 | D:7      | Killed a manticore
  9537 | D:7      | Reached XP level 10. HP: 51/73 MP: 0/0
  9655 | D:7      | Reached skill level 8 in Dodging
  9769 | D:7      | Found a broken altar of Ashenzari.
  9900 | D:7      | Found a runed translucent door.
  9901 | D:7      | Noticed Crazy Yiuf
  9908 | D:7      | Killed Crazy Yiuf
 10054 | D:8      | Noticed Maggie
 10071 | D:8      | Killed Maggie
 10095 | D:8      | Found a flagged portal.
 10114 | D:8      | Reached skill level 1 in Invocations
 10355 | Bailey   | Entered a bailey
 10467 | Bailey   | Noticed an orc knight
 10477 | Bailey   | Killed an orc knight
 10610 | Bailey   | Noticed an orc knight
 10615 | Bailey   | Reached ** piety under Makhleb
 10621 | Bailey   | Killed an orc knight
 10849 | Bailey   | Noticed an orc warlord
 11034 | Bailey   | Reached XP level 11. HP: 37/80 MP: 0/0
 11034 | Bailey   | Learned a level 5 spell: Silence
 11262 | D:8      | Found Paxumeni's Gadget Gallery.
 11312 | D:8      | Noticed Joseph
 11395 | D:7      | Reached skill level 9 in Dodging
 11614 | D:8      | Killed Joseph
 11615 | D:8      | Reached skill level 5 in Evocations
 11943 | D:8      | Reached *** piety under Makhleb
 12249 | D:8      | Reached skill level 5 in Staves
 12387 | D:8      | Noticed a boulder beetle
 12403 | D:8      | Killed a boulder beetle
 12694 | D:9      | Noticed a boulder beetle
 12703 | D:9      | Killed a boulder beetle
 13002 | D:9      | Noticed a two-headed ogre
 13013 | D:9      | Killed a two-headed ogre
 13091 | D:9      | Noticed a two-headed ogre
 13099 | D:9      | Killed a two-headed ogre
 13196 | D:9      | Reached **** piety under Makhleb
 13199 | D:9      | Reached XP level 12. HP: 78/88 MP: 0/0
 13360 | D:10     | Entered Level 10 of the Dungeon
 13461 | D:10     | Reached skill level 10 in Dodging
 13461 | D:10     | Reached skill level 5 in Invocations
 13740 | D:10     | Found a staircase to the Lair.
 14050 | D:10     | Found an ornate altar of the Wu Jian Council.
 14742 | D:11     | Noticed Erolcha
 14761 | D:11     | Killed Erolcha
 15255 | D:11     | Reached ***** piety under Makhleb
 15301 | D:11     | Found a staircase to the Orcish Mines.
 15388 | D:11     | Identified the +6 morningstar "Kebrabby" {venom, Drain
                  | rElec SInv}
 15639 | Lair:1   | Entered Level 1 of the Lair of Beasts
 15646 | Lair:1   | Noticed an eight-headed hydra
 15657 | Lair:1   | Killed an eight-headed hydra
 15724 | Lair:1   | Reached XP level 13. HP: 94/94 MP: 0/0
 15724 | Lair:1   | Learned a level 5 spell: Lightning Bolt
 16178 | Lair:1   | Reached skill level 11 in Dodging
 16573 | Lair:2   | Found a hole to the Spider Nest.
 16583 | Lair:2   | Reached skill level 10 in Fighting
 16690 | Lair:2   | Acquired the ring of Paranoia {*Corrode rElec Will++ MP+9
                  | Str+6}
 16704 | Lair:2   | Noticed a five-headed hydra
 16733 | Lair:2   | Killed a five-headed hydra
 16826 | Lair:2   | Noticed a catoblepas
 16879 | Lair:2   | Slain by a catoblepas

Illustrated notes

Levels and vault maps discovered:
D:1:      dpeg_arrival_subterranean_lakeside_camping, layout_basic,
          basic_ecumenical_altar, minmay_tetromino_s2
D:2:      layout_loops_ring, minmay_rat_gold_closets, uniq_terence,
          uniq_sigmund, uniq_robin, uniq_jessica
D:3:      layout_rooms, zin_scriptorium, mainiacjoe_overflow_chevrons,
          roderic_serpentine_path, chequers_mini_garden,
          chequers_serial_rivers_micro_c, st_stairs_5,
          kennysheep_generic_room_11
D:4:      layout_cave_pools, nicolae_ru_awakened_eye, grunt_decor_clamped,
          minmay_misc_feat_roman, serial_bayou_lake_a
D:5:      layout_layer_cave, serial_shops, kennysheep_mini_moat
D:6:      layout_basic, minmay_temple_entry_stoned_glass,
          wad_floor_pattern_untrapped, kennysheep_generic_room_2
D:7:      layout_basic, mainiacjoe_overflow_alcove_1, nrook_uturn, st_stairs_9,
          uniq_crazy_yiuf_cottage
D:8:      layout_basic, enter_bailey_5, nicolae_shop_gadgets, uniq_joseph,
          uniq_maggie
D:9:      layout_loops_ring, overflow_temple_1_default
D:10:     layout_basic, nicolae_overflow_squiral, dpeg_oklobed_lair
D:11:     layout_gridville, erik_orc_2, uniq_erolcha
Temple:   regret_index_temple_generic_petals
Lair:1:   layout_regular_city, infiniplex_staircase_pool_2, grunt_megastairs_1,
          serial_bayou_shore_b, serial_bayou_shore_b
Lair:2:   layout_roguey, spider_nest_entry_rubble

Skill      XL: |  1  2  3  4  5  6  7  8  9 10 11 12 13 |
---------------+----------------------------------------+-----
Fighting       | 1 2 3 4 5 6 7 8 9 10 | 10.1
Dodging        | 3 4 5 6 7 8 9 10 11 | 11.3
Spellcasting   | 4 5 6 7 8 |  8.5
Evocations     | 3 4 6 7 8 |  8.1
Staves         | 2 4 5 6 7 |  7.4
Invocations    | 2 4 6 7 |  7.1
Stealth        | |  1.5

Action                   |  1- 3 |  4- 6 |  7- 9 | 10-12 | 13-15 || total
-------------------------+-------+-------+-------+-------+-------++-------
Melee: Unarmed           |     2 |     3 |       |       |       ||     5
       Great sword       |       |       |     2 |       |       ||     2
       Staff             |       |       |     1 |    21 |     1 ||    23
       Punch             |       |       |     1 |       |       ||     1
 Cast: Freeze            |    48 |    51 |   118 |   188 |     1 ||   406
       Frozen Ramparts   |     2 |     4 |    16 |    45 |    14 ||    81
       Ozocubu's Armour  |       |     1 |     3 |    24 |       ||    28
       Scorch            |       |       |    37 |     8 |     5 ||    50
       Dispel Undead     |       |       |     8 |    34 |       ||    42
       Hailstorm         |       |       |     2 |    14 |     5 ||    21
       Slow              |       |       |       |     4 |       ||     4
       Lightning Bolt    |       |       |       |       |     2 ||     2
Invok: Minor Destruction |       |       |       |    93 |   115 ||   208
  Use: Scroll            |       |       |     7 |     5 |     3 ||    15
 Stab: Sleeping          |       |     1 |       |       |       ||     1
Armor: Robe              |     6 |     5 |     7 |       |       ||    18
       Steam dragon scal |       |       |     8 |    38 |       ||    46
       Troll leather arm |       |       |       |    17 |    27 ||    44
Dodge: Dodged            |    34 |    46 |    85 |   257 |    65 ||   487
Block: Buckler           |       |       |       |    13 |    15 ||    28

Table legend: (Time is in decaauts)
 A = Elapsed time spent in this place.
 B = Non-inter-level travel time spent in this place.
 C = Inter-level travel time spent in this place.
 D = Time resting spent in this place.
 E = Time spent auto-exploring this place.
 F = Levels seen in this place.
 G = Mean time per level.
                   A        B        C        D        E       F      G
               +--------+--------+--------+--------+--------+-----+--------+
         Total |  16882 |  16475 |    407 |   1675 |  11346 |  15 | 1125.5 |
       Dungeon |  14551 |  14186 |    365 |   1673 |   9911 |  11 | 1322.8 |
        Temple |    277 |    251 |     26 |      0 |    198 |   1 |  277.0 |
          Lair |   1240 |   1224 |     16 |      2 |    845 |   2 |  620.0 |
        Bailey |    812 |    812 |      0 |      0 |    392 |   1 |  812.0 |
               +--------+--------+--------+--------+--------+-----+--------+

Top non-repeatable levels by time:
     D:2: 1850 daAuts
     D:1: 1830 daAuts
     D:5: 1564 daAuts
     D:7: 1558 daAuts
     D:8: 1478 daAuts
    D:10: 1345 daAuts
     D:4: 1305 daAuts
     D:6: 1147 daAuts
    D:11: 918 daAuts
  Lair:1: 911 daAuts
     D:9: 874 daAuts
  Bailey: 812 daAuts
     D:3: 677 daAuts
  Lair:2: 329 daAuts
  Temple: 277 daAuts
